 Dungeon Crawl Stone Soup version 0.28.0-47-ge53b351184 (webtiles) character file.

Game seed: 14983076767129376482

145 GigaChad the Slasher (level 5, -4/44 (47) HPs)
             Began as a Minotaur Berserker on May 6, 2022.
             Was a Believer of Trog.
             Slain by a kobold brigand
             ... wielding a +0 club
              (6 damage)
             ... on level 6 of the Dungeon.
             The game lasted 00:06:50 (4818 turns).

GigaChad the Slasher (Minotaur Berserker)           Turns: 4818, Time: 00:06:50

HP:   -4/44 (47)    AC:  2    Str: 22    XL:     5   Next: 6%
MP:   4/4           EV: 12    Int:  4    God:    Trog [**....]
Gold: 79            SH:  0    Dex: 11    Spells: 4/4 levels left

rFire   . . .      SeeInvis +   a - +0 falchion
rCold   . . .      Faith    .   (no shield)
rNeg    . . .      Spirit   .   b - +0 animal skin
rPois   .          Reflect  .   (helmet restricted)
rElec   .          Harm     .   (no cloak)
rCorr   .          Rampage  .   (no gloves)
Will    .....                   (no boots)
Stlth   +.........              (no amulet)
HPRegen 0.14/turn               c - ring of see invisible
MPRegen 0.09/turn               d - ring of flight

@: flying, drained
A: horns 2, retaliatory headbutt
a: Renounce Religion, Berserk, Trog's Hand


You were on level 6 of the Dungeon.
You worshipped Trog.
Trog was pleased with you.
You visited 1 branch of the dungeon, and saw 5 of its levels.

You collected 79 gold pieces.

Inventory:

Hand Weapons
 a - a +0 falchion (weapon)
Armour
 b - a +0 animal skin (worn)
Jewellery
 c - a ring of see invisible (left hand)
 d - a ring of flight (right hand)
Scrolls
 e - a scroll of summoning {unknown}
 g - a scroll of teleportation {unknown}
 i - a scroll of fog {unknown}
 j - a scroll of blinking {unknown}
Potions
 f - 2 potions of heal wounds {unknown}
 h - a potion of might {unknown}


   Skills:
 + Level 4.8 Fighting
 + Level 5.1 Long Blades
 + Level 2.8 Armour
 + Level 3.2 Dodging
 + Level 1.0 Stealth


You had 4 spell levels left.
You didn't know any spells.
Your spell library was empty.

Dungeon Overview and Level Annotations

Branches:
Dungeon (6/15)
 Temple: D:4-7

Altars:
Uskayaw

Annotations:
D:2 1 runed translucent door, Crazy Yiuf
D:5 Prince Ribbit


Innate Abilities, Weirdness & Mutations

You have a pair of horns on your head.
You reflexively headbutt those who attack you in melee.


Message History

The kobold brigand hits you with a +0 club.
The kobold barely misses you.
You closely miss the kobold brigand.
The kobold brigand is heavily wounded.
The kobold hits you with a +0 club.
The kobold hits you with a +0 short sword of draining.
You feel drained.
The kobold brigand hits you with a +0 club.
The kobold hits you with a +0 short sword.
The kobold closely misses you.
The kobold hits you with a +0 short sword.
You hit the kobold but do no damage. The kobold barely misses you.
The kobold closely misses you.
You barely miss the kobold brigand.
Your headbutt misses the kobold brigand.
The kobold brigand is heavily wounded.
The kobold hits you but does no damage.
You feel drained. The kobold barely misses you.
You hit the kobold brigand.
Your headbutt misses the kobold brigand.
The kobold brigand is heavily wounded.
The kobold hits you with a +0 short sword of draining.
You feel drained.
The kobold brigand hits you with a +0 club.
You completely miss the kobold brigand.
The kobold brigand is heavily wounded.
The kobold throws a stone.
The stone closely misses you.
The kobold hits you with a +0 short sword.
* * * LOW HITPOINT WARNING * * *
The kobold barely misses you. You furiously retaliate!
You headbutt the kobold!
You kill the kobold!
Trog accepts your kill.
The kobold brigand hits you with a +0 club!
* * * LOW HITPOINT WARNING * * *
You hit the kobold brigand.
The kobold brigand is severely wounded.
The kobold hits you with a +0 short sword.
* * * LOW HITPOINT WARNING * * *
The kobold brigand hits you with a +0 club.
You die...

... #.. #.#
#.# #.# #.####
#
#....###.##...
#<..K@K.>.....
#...KKK.#.#...
#.......#
#.......#
#....##.#
#...(# .#
#..... .#
#....####


You could see a kobold brigand and 4 kobolds.

Vanquished Creatures
  A bullfrog skeleton (D:5)
  Robin (D:2)
  2 adders
  3 worms (D:2)
  6 dart slugs
  3 ball pythons
  3 endoplasms
  2 giant cockroaches
  16 goblins
  5 hobgoblins (D:2)
  8 jackals
  2 quokkas
  A bat (D:1)
  5 frilled lizards
  4 kobolds
  2 rats
64 creatures vanquished.

Notes
Turn   | Place    | Note
-------+----------+-------------------------------------------
     0 | D:1      | GigaChad the Minotaur Berserker began the quest for the
                  | Orb.
     0 | D:1      | Reached XP level 1. HP: 19/19 MP: 0/0
   541 | D:1      | Reached XP level 2. HP: 18/27 MP: 1/1
   581 | D:1      | Reached skill level 4 in Long Blades
  1706 | D:1      | Reached XP level 3. HP: 29/33 MP: 2/2
  1956 | D:2      | Found a hide-covered altar of Uskayaw.
  2416 | D:2      | HP: 1/34 [goblin/+0 dagger (3)]
  2424 | D:2      | Reached ** piety under Trog
  3134 | D:2      | Reached XP level 4. HP: 41/41 MP: 3/3
  3621 | D:2      | Found a faded altar of an unknown god.
  3756 | D:2      | Found a runed translucent door.
  3757 | D:2      | Noticed Crazy Yiuf
  3818 | D:2      | Noticed Robin
  3848 | D:2      | Killed Robin
  4415 | D:3      | You are sucked into a shaft and drop 2 floors!
  4415 | D:5      | Entered Level 5 of the Dungeon
  4492 | D:5      | Noticed Prince Ribbit
  4606 | D:5      | Reached skill level 5 in Long Blades
  4615 | D:5      | Reached skill level 1 in Stealth
  4615 | D:5      | Reached XP level 5. HP: 31/47 MP: 4/4
  4818 | D:6      | HP: 2/44 [kobold/+0 short sword (1)]
  4818 | D:6      | Slain by a kobold brigand

Illustrated notes

Levels and vault maps discovered:
D:1:      heliophobic_arrival_enchanted_forest, layout_basic
D:2:      layout_basic, ebering_ecumenical_altar_rust, basic_altar,
          minmay_heptomino_l4, uniq_sigmund, uniq_robin, uniq_crazy_yiuf_cottage
D:3:      layout_loops_ring
D:5:      layout_basic, enter_ossuary_1, roderic_lattice_a,
          minmay_misc_feat_nine_boxes, uniq_prince_ribbit1
D:6:      layout_basic, minmay_temple_entry_grid,
          minmay_fractal_squares_diagonal_5

Skill      XL: |  1  2  3  4 |
---------------+-------------+-----
Fighting       | 4 |  4.8
Long Blades    | 4 5 |  5.1
Dodging        | 3 |  3.2
Stealth        | 1 |  1.0
Armour         | |  2.8

Action                   |  1- 3 |  4- 6 || total
-------------------------+-------+-------++-------
Melee: Falchion          |    82 |    64 ||   146
       Headbutt          |    11 |    11 ||    22
       Punch             |     1 |     2 ||     3
Armor: Animal skin       |    16 |     9 ||    25
Dodge: Dodged            |    73 |    48 ||   121
